 Dungeon Crawl Stone Soup version 0.17.0-28-g6e173f8 (webtiles) character file.

330 septik the Firebug (level 6, -2/32 HPs)
             Began as a Deep Elf Fire Elementalist on Nov 26, 2015.
             Slain by an orc
             ... wielding a +2 hand axe of venom
              (5 damage)
             ... on level 4 of the Dungeon.
             The game lasted 00:11:40 (3506 turns).

septik the Firebug (Deep Elf Fire Elementalist)     Turns: 3506, Time: 00:11:40

Health: -2/32      AC:  6    Str:  7      XL:     6   Next: 26%
Magic:  4/14       EV: 13    Int: 17 (20) God:
Gold:   125        SH:  0    Dex: 15      Spells: 3 memorised, 5 levels left

rFire  . . .     SeeInvis .     k - +3 dagger
rCold  . . .     Clarity  .     a - +0 robe
rNeg   . . .     SustAt   .     (no shield)
rPois  .         Gourm    .     (no helmet)
rElec  .         Spirit   .     d - +0 cloak
rCorr  .         Warding  .     i - +2 pair of gloves
rMut   .         Stasis   .     (no boots)
MR     .....                    (no amulet)
Stlth  ++........               (no ring)
                                (no ring)

@: lethally poisoned (-2 -> -12), not resistant to hostile enchantments,
unstealthy
A: no striking features
a: no special abilities


You were on level 4 of the Dungeon.
You were not hungry.

You visited 1 branch of the dungeon, and saw 4 of its levels.

You collected 125 gold pieces.

Inventory:

Hand Weapons
 k - a +3 dagger (weapon)
 t - a +0 spear
 v - a +0 blowgun
Missiles
 e - 96 stones (quivered)
 w - 11 poisoned needles
Armour
 a - a +0 robe (worn)
 d - a +0 cloak (worn)
 i - a +2 pair of gloves (worn)
 l - a +0 cloak
Jewellery
 g - an uncursed amulet of rage
Wands
 u - a wand of polymorph (13)
 x - a wand of polymorph (12)
Scrolls
 f - 2 scrolls of identify
 j - a scroll of blinking {unknown}
 m - a scroll of recharging {unknown}
 p - a scroll of enchant armour {unknown}
 r - a scroll of enchant weapon {unknown}
Potions
 n - a potion of haste
 s - a potion of curing {unknown}
Books
 b - a book of Flames

   Spells                             Type                      Level
   a - Flame Tongue                   Conjuration/Fire             1
   b - Throw Flame                    Conjuration/Fire             2
   c - Conjure Flame                  Conjuration/Fire             3
   d - Inner Flame                    Hexes/Fire                   3
   e - Sticky Flame                   Conjuration/Fire             4
   f - Fireball                       Conjuration/Fire             5
Comestibles
 c - 3 bread rations
 h - 6 chunks of flesh
 o - 2 meat rations


   Skills:
 - Level 2.4 Dodging
 - Level 2.4 Stealth
 + Level 4.4 Spellcasting
 * Level 4.4 Conjurations
 * Level 5.6 Fire Magic


You had 5 spell levels left.
You knew the following spells:

 Your Spells              Type           Power        Failure   Level  Hunger
a - Flame Tongue          Conj/Fire      ###..        1%          1    None
b - Conjure Flame         Conj/Fire      ###.....     8%          3    ###....
c - Sticky Flame          Conj/Fire      ###.....     21%         4    ####...


Dungeon Overview and Level Annotations

Branches:
Dungeon (4/15)
 Temple: D:4-7

Altars:
Yredelemnul

Annotations:
D:2 Natasha


Message History

The orc wizard is almost dead.
The orc wizard burns!
You kill the orc wizard!
Casting: Sticky Flame
Confirm with . or Enter, or press ? or * to list all spells.
Aiming: Flame Tongue
Press: ? - help, Shift-Dir - straight line, f - orc
Aim: an orc, wielding a hand axe of venom and wearing a ring mail The flame tongue hits the orc.
The orc appears unharmed.
The orc hits you with a hand axe of venom.
* * * LOW HITPOINT WARNING * * *
You are lethally poisoned!
Drink which item? (? for menu, Esc to quit)
It was a potion of degeneration.
There was something very wrong with that liquid.
You feel dopey.
* * * LOW HITPOINT WARNING * * *
You feel sick.
The orc hits you with a hand axe of venom.
You die...

..... ..(.
....#+## ...#
#.....#######.o.#
#.....#.....o...#
#.....#.........#
#.....'.........#
##.....##..)##..#
#.......#..)##..#
#..<....#...@o..#
#.......).).....#
#.......#.......#
#.......######..#
#......... ..#
#.......... ....
#.......... .....
.#######... .....


You could see an orc.

Vanquished Creatures
  The ghost of septik the Conjurer, an amateur DECj (D:3)
  Crazy Yiuf (D:2)
  2 orc wizards (D:4)
  5 adders
  3 oozes
  2 worms
  A giant gecko (D:2)
  6 orcs
  5 giant cockroaches
  7 goblins
  5 hobgoblins
  10 bats
  7 giant newts
  2 gnoll zombies (D:2)
  7 jackals (D:3)
  7 kobolds
  A quokka (D:2)
  12 rats
84 creatures vanquished.

Notes
Turn   | Place    | Note
--------------------------------------------------------------
     0 | D:1      | septik the Deep Elf Fire Elementalist began the quest for the Orb.
     0 | D:1      | Reached XP level 1. HP: 10/10 MP: 6/6
   318 | D:1      | Reached XP level 2. HP: 15/15 MP: 6/8
  1023 | D:2      | Reached skill level 4 in Fire Magic
  1023 | D:2      | Reached XP level 3. HP: 11/19 MP: 0/9
  1570 | D:2      | Noticed Natasha
  1760 | D:2      | Reached XP level 4. HP: 24/24 MP: 11/11
  1891 | D:2      | Found a basalt altar of Yredelemnul.
  2052 | D:2      | Noticed Crazy Yiuf
  2056 | D:2      | Killed Crazy Yiuf
  2252 | D:2      | Learned a level 3 spell: Conjure Flame
  2257 | D:2      | Learned a level 4 spell: Sticky Flame
  2581 | D:3      | Noticed septik's ghost (amateur DECj)
  2589 | D:3      | Killed septik's ghost
  2589 | D:3      | Reached skill level 5 in Fire Magic
  2589 | D:3      | Reached XP level 5. HP: 21/28 MP: 3/13
  3188 | D:3      | Reached XP level 6. HP: 30/32 MP: 10/14
  3506 | D:4      | Slain by an orc

Action                   |  1- 3 |  4- 6 || total
-------------------------+-------+-------++-------
Melee: Dagger            |    52 |    23 ||    75
Throw: Stone             |    14 |     4 ||    18
 Cast: Flame Tongue      |    52 |    77 ||   129
       Sticky Flame      |       |     1 ||     1
  Use: Scroll            |       |     3 ||     3
       Potion            |       |     1 ||     1
 Stab: Sleeping          |     1 |     1 ||     2
  Eat: Chunk             |     2 |     6 ||     8
